 Dungeon Crawl Stone Soup version 0.31.0-11-ge490571c62 (webtiles) character file.

Game seed: 11970619127918403295

38177 osinmv the Brawler (level 13, -14/223 HPs)
             Began as a Troll Berserker on Jan 31, 2024.
             Was a Priest of Trog.
             Demolished by a death yak (25 damage)
             ... led by a torpor snail
             ... on level 4 of the Lair of Beasts.
             The game lasted 00:15:49 (14253 turns).

osinmv the Brawler (Troll Berserker)               Turns: 14253, Time: 00:15:50

Health: -14/223    AC:  8    Str: 32    XL:     13   Next: 62%
Magic:  12/12      EV: 10    Int:  3    God:    Trog [***...]
Gold:   803        SH:  0    Dex:  9    Spells: 12/12 levels left

rFire   . .          .
                       - Unarmed
rCold   . . .        (no shield)
rNeg    . . .        j - +1 robe
rPois   +            (helmet restricted)
rElec   .            o - +2 cloak {rCorr}
rCorr   +            (gloves unavailable)
SInv    .            (boots unavailable)
Will    +++..        (no amulet) Stlth
                     g - ring of willpower
HPRegen 2.37/turn    l - ring of poison resistance
MPRegen 0.13/turn

%: no passive effects
@: berserking, lethally poisoned (-14 -> -17), strong-willed, regenerating, very
quick
A: large, unfitting armour, claws 3, regeneration 1, shaggy fur 1, tough skin 1
a: Renounce Religion, Berserk, Trog's Hand


You were on level 4 of the Lair of Beasts.
You worshipped Trog.
Trog was most pleased with you.
You visited 2 branches of the dungeon, and saw 15 of its levels.

You collected 803 gold pieces.

Inventory:

Missiles
 s - 2 throwing nets (quivered)
Armour
 j - a +1 robe (worn)
 o - a +2 cloak of preservation (worn)
Jewellery
 g - a ring of willpower (left claw)
 l - a ring of poison resistance (right claw)
 D - a +6 ring of strength
 F - a +4 ring of protection
Wands
 a - a wand of digging (9)
 h - a wand of polymorph (7)
 u - a wand of roots (5)
 x - a wand of quicksilver (3)
 y - a wand of mindburst (22)
 C - a wand of charming (2)
Scrolls
 c - 3 scrolls of identify
 d - 7 scrolls of teleportation
 f - 2 scrolls of silence
 m - 3 scrolls of vulnerability
 r - a scroll of fear
 v - 3 scrolls of noise
 A - a scroll of enchant armour
 B - 2 scrolls of enchant weapon
Potions
 b - 9 potions of curing
 e - 5 potions of brilliance
 i - 3 potions of enlightenment
 k - a potion of berserk rage {unknown}
 n - 3 potions of attraction
 q - 4 potions of degeneration
 t - 2 potions of invisibility
 w - a potion of mutation
 z - 2 potions of ambrosia
 E - a potion of lignification
 G - a potion of haste


   Skills:
 + Level 15.0 Fighting
 - Level 2.4 Dodging
 + Level 16.5 Unarmed Combat


You had 12 spell levels left.
You didn't know any spells.
Your spell library was empty.

Dungeon Overview and Level Annotations

Branches:
Dungeon (10/15) Zot: 25630  Temple (0/1) D:4            Lair (5/5) D:10 Zot: 24629
 Shoals (0/4) Lair:3        Snake (0/4) Lair:3
  Slime: Lair:4-5       Orc: D:9-12

Altars:
Ashenzari
Elyvilon
Hepliaklqana
Nemelex Xobeh
Okawaru
Sif Muna
Xom
Yredelemnul

Shops:
D:7 [


Innate Abilities, Weirdness & Mutations

You are too large for most types of armour.
You have claws for hands.
Your natural rate of healing is unusually fast.
You are covered in fur. (AC +1)
You have tough skin. (AC +1)


Message History

The black mamba closely misses you. The wyvern bites you.
The wyvern closely misses you. The yak gores you!
The death yak barely misses you.
The cane toad stings you but does no damage.
The black mamba bites you but does no damage.
Being near the torpor snail leaves you feeling lethargic.
You climb upwards.
You feel yourself speed up.
There is a stone staircase leading down here.
Your skin crawls.
You feel strong-willed. The wyvern bites you! The wyvern misses you.
The black mamba bites you!
You are poisoned.
The black mamba poisons you! The cane toad stings you. The death yak gores you!
The yak closely misses you. The wyvern bites you! x2
* * * LOW HITPOINT WARNING * * *
A red film seems to cover your vision as you go berserk!
You feel yourself moving faster!
You feel mighty!
You can no longer call in reinforcements.
You feel very sick.
The black mamba bites you but does no damage.
The cane toad stings you!
* * * LOW HITPOINT WARNING * * *
The wyvern bites you.
* * * LOW HITPOINT WARNING * * *
The wyvern bites you!
* * * LOW HITPOINT WARNING * * *
The black mamba barely misses you. The yak barely misses you.
The death yak gores you!
* * * LOW HITPOINT WARNING * * *
You scratch the yak.
The yak is lightly wounded.
You feel sick. The black mamba misses you. The wyvern bites you!
* * * LOW HITPOINT WARNING * * *
The wyvern closely misses you. The cane toad closely misses you.
You eviscerate the yak!!!
You kill the yak!
Trog accepts your kill.
You feel sick. The death yak gores you!!
You die...

.....######.........##...# ##..
...### #.P......##.#...# #..
....### ##........#####..## ##.
......# #.#.......# ##..######.
.#P...####........### #..#.##...
.###...............P####.....##..
####.............÷P.##...........
#.............kY.###..###.#....
##....##.....S@...#....###....#
#......#...##kF†........#.....#
###...............##.............
....^............###.............
.......#.........# ##............
......#.#.......####.........<...
.....##...........###..#.#.....##
..........##.....## #.P##.#..#.##
.........####....####.####....##


You could see a death yak, a black mamba, a cane toad and 2 wyverns.

Vanquished Creatures
  5 hydras
  2 two-headed ogres
  4 death yaks (Lair:4)
  3 elephants (Lair:3)
  4 centaur zombies (D:8)
  A torpor snail (Lair:2)
  4 black mambas
  A centaur skeleton (D:8)
  A rime drake (Lair:3)
  6 cane toads
  An unseen horror (D:10)
  3 komodo dragons
  A hellwing (D:8)
  A hornet (D:8)
  2 polar bears
  Prince Ribbit (D:8)
  13 dream sheep
  22 blink frogs
  Sigmund (D:6)
  3 wyverns
  53 yaks
  Eustachio (D:6)
  A basilisk (Lair:1)
  3 nagas (Lair:3)
  21 water moccasins
  2 black bears
  A sky beast (D:7)
  4 orc warriors
  11 wolves
  3 centaurs
  4 bullfrogs
  2 kobold brigands
  A scorpion (D:6)
  13 killer bees
  3 electric eels
  4 howler monkeys
  2 jellies
  Crazy Yiuf (D:4)
  2 bombardier beetles
  2 hounds
  5 orc priests
  4 iguanas
  2 sleepcaps
  Natasha (thrice) (D:4)
  8 orc wizards
  A gnoll (D:6)
  4 adders
  8 shadow imps
  4 white imps (D:7)
  7 ufetubi (D:7)
  3 dart slugs
  22 orcs
  4 bats
  5 endoplasms
  3 giant cockroaches
  13 goblins
  5 hobgoblins
  6 jackals
  3 quokkas
  6 ball pythons
  4 frilled lizards
  9 kobolds
  6 rats
348 creatures vanquished.

Vanquished Creatures (others)
  3 orcs
3 creatures vanquished.

Grand Total: 351 creatures vanquished

Notes
Turn   | Place    | Note
-------+----------+-------------------------------------------
     0 | D:1      | osinmv the Troll Berserker began the quest for the Orb.
     0 | D:1      | Reached XP level 1. HP: 22/22 MP: 0/0
   233 | D:1      | Reached XP level 2. HP: 29/29 MP: 1/1
   653 | D:2      | Reached XP level 3. HP: 35/36 MP: 2/2
   837 | D:2      | Reached ** piety under Trog
   849 | D:2      | Reached skill level 4 in Unarmed Combat
  1488 | D:3      | Reached XP level 4. HP: 45/45 MP: 3/3
  1551 | D:3      | Reached skill level 5 in Unarmed Combat
  1551 | D:3      | Reached XP level 5. HP: 53/53 MP: 4/4
  1824 | D:3      | Found a white marble altar of Elyvilon.
  1883 | D:3      | Found a basalt altar of Yredelemnul.
  2119 | D:4      | Found an iron altar of Okawaru.
  2283 | D:4      | Found a sparkling altar of Nemelex Xobeh.
  2335 | D:4      | Identified the +3 flail "Oxkuhorioss" {pain, Str+2 Int+3}
  2336 | D:4      | Found a staircase to the Ecumenical Temple.
  2360 | D:4      | Noticed Natasha
  2363 | D:4      | Killed Natasha
  2437 | D:4      | Reached skill level 6 in Unarmed Combat
  2439 | D:4      | Reached *** piety under Trog
  2440 | D:4      | Reached XP level 6. HP: 46/61 MP: 5/5
  2489 | D:4      | Noticed Natasha
  2494 | D:4      | Killed Natasha
  2498 | D:4      | Noticed Natasha
  2506 | D:4      | Killed Natasha
  2578 | D:4      | Found a runed translucent door.
  2579 | D:4      | Noticed Crazy Yiuf
  2688 | D:4      | Killed Crazy Yiuf
  2765 | D:5      | Entered Level 5 of the Dungeon
  3040 | D:5      | Reached skill level 5 in Fighting
  3040 | D:5      | Reached XP level 7. HP: 70/72 MP: 6/6
  3375 | D:6      | Noticed Sigmund
  3385 | D:6      | Killed Sigmund
  3490 | D:6      | Reached skill level 7 in Unarmed Combat
  3492 | D:6      | Reached XP level 8. HP: 79/84 MP: 7/7
  3707 | D:6      | Found a broken altar of Ashenzari.
  3776 | D:6      | Noticed Eustachio
  3808 | D:6      | Killed Eustachio
  4134 | D:7      | Reached skill level 8 in Unarmed Combat
  4194 | D:7      | Found Unomaj's Antique Armour Boutique.
  4520 | D:7      | Reached XP level 9. HP: 93/93 MP: 8/8
  4524 | D:7      | Reached skill level 9 in Unarmed Combat
  4926 | D:7      | Reached XP level 10. HP: 117/117 MP: 9/9
  5550 | D:8      | Found a hazy altar of Hepliaklqana.
  5551 | D:8      | Found a shimmering altar of Xom.
  5551 | D:8      | Noticed a purple ugly thing
  5552 | D:8      | Noticed a white ugly thing
  5610 | D:8      | Noticed Prince Ribbit
  5625 | D:8      | Killed Prince Ribbit
  5766 | D:8      | Reached skill level 10 in Unarmed Combat
  5852 | D:8      | Reached skill level 11 in Unarmed Combat
  5852 | D:8      | Reached XP level 11. HP: 124/124 MP: 10/10
  6905 | D:9      | Noticed a two-headed ogre
  6917 | D:9      | Killed a two-headed ogre
  7295 | D:9      | Reached skill level 12 in Unarmed Combat
  7477 | D:10     | Entered Level 10 of the Dungeon
  7601 | D:10     | Noticed a two-headed ogre
  7605 | D:10     | Killed a two-headed ogre
  7764 | D:10     | Found a flagged portal.
  7928 | D:10     | Reached **** piety under Trog
  8181 | D:10     | Found a staircase to the Lair.
  8640 | Lair:1   | Entered Level 1 of the Lair of Beasts
  8656 | Lair:1   | Reached skill level 13 in Unarmed Combat
  9184 | Lair:1   | Reached XP level 12. HP: 121/136 MP: 11/11
  9376 | Lair:1   | Reached skill level 14 in Unarmed Combat
  9815 | Lair:2   | Noticed a boulder beetle
  9935 | Lair:2   | Reached skill level 15 in Unarmed Combat
 10183 | Lair:2   | Noticed a four-headed hydra
 10191 | Lair:2   | Killed a six-headed hydra
 10574 | Lair:2   | Found a shimmering blue altar of Sif Muna.
 10798 | Lair:3   | Noticed a five-headed hydra
 10815 | Lair:3   | Killed a nine-headed hydra
 11228 | Lair:3   | Found a staircase to the Shoals.
 11276 | Lair:3   | Reached skill level 16 in Unarmed Combat
 11307 | Lair:3   | Reached XP level 13. HP: 128/145 MP: 12/12
 11983 | Lair:3   | Found a staircase to the Snake Pit.
 13684 | Lair:4   | Reached skill level 15 in Fighting
 14239 | Lair:5   | Entered Level 5 of the Lair of Beasts
 14253 | Lair:4   | HP: 11/223 [poisoned by a black mamba]
 14253 | Lair:4   | Demolished by a death yak

Illustrated notes

Levels and vault maps discovered:
D:1:      dpeg_arrival_windows_large_door, layout_basic, hex_tiny
D:2:      layout_loops_ring, skrybe_limestone_x, chequers_serial_rivers_micro_b
D:3:      minmay_wonky_spiral, layout_loops_ring, kennysheep_ying_yang
D:4:      layout_loops_cross, nemelex_diamond_rough_becter,
          okawaru_ov_weapons_minmay, temple_hall, moated_statue,
          uniq_crazy_yiuf_cottage, uniq_natasha
D:5:      layout_loops_ring
D:6:      layout_cave_pools, marbit_many_paths, hex_medium, uniq_eustachio,
          uniq_sigmund
D:7:      layout_basic, serial_demonic, serial_demonic_f, serial_demonic_g,
          serial_demonic_d, serial_demonic_c, serial_shops, shop,
          minmay_fractal_squares_diagonal_5
D:8:      cheibrodos_grave_circle, layout_basic, regret_index_temple_of_mockery,
          minmay_crossroads, uniq_prince_ribbit1
D:9:      layout_cave_pods, minivault_14, kennysheep_potato
D:10:     layout_stronghold, lair_entry_dummy, enter_bailey_3
Lair:1:   layout_chaotic_city, ldierk_geyser
Lair:2:   layout_chaotic_city, basic_altar, serial_bayou_shore_a
Lair:3:   layout_chaotic_city, shoals_dummy_entry, nicolae_snake_entry_squirm
Lair:4:   layout_layer_cave
Lair:5:   due_jungle_book, layout_big_grid, dpeg_slime_entry_enclosed,
          kilobyte_rumbling_trees, grunt_megastairs_5

Skill      XL: |  1  2  3  4  5  6  7  8  9 10 11 12 13 |
---------------+----------------------------------------+-----
Fighting       | 3 5 6 7 12 13 15 | 15.0
Unarmed Combat | 4 5 6 7 8 9 11 13 16 | 16.5
Dodging        | |  2.4

Action                     |  1- 3 |  4- 6 |  7- 9 | 10-12 | 13-15 || total
---------------------------+-------+-------+-------+-------+-------++-------
  Melee: Unarmed           |    82 |    99 |   179 |   515 |   145 ||  1020
         Punch             |     2 |     2 |     7 |    36 |    18 ||    65
 Invoke: Trog's Hand       |     1 |     3 |     5 |    16 |     8 ||    33
         Berserk           |     1 |     1 |     2 |     6 |     6 ||    16
  Evoke: Wand              |       |       |       |       |     3 ||     3
    Use: Scroll            |       |       |    10 |    15 |     2 ||    27
         Potion            |       |       |     1 |     5 |       ||     6
 Armour: Animal skin       |    38 |       |       |       |       ||    38
         Robe              |     9 |    42 |   197 |   585 |   197 ||  1030
  Dodge: Dodged            |    33 |    46 |   144 |   286 |    97 ||   606
